 Dungeon Crawl Stone Soup version 0.28-a0-1152-g9c71ebef14 (webtiles) character file.

Game seed: 5355220364280605003

4783 spaghetti the Fighter (level 10, -19/84 HPs)
             Began as an Octopode Delver on Dec 14, 2021.
             Was an Initiate of Gozag.
             Demolished by a two-headed ogre (27 damage)
             ... on level 9 of the Dungeon.
             The game lasted 00:18:52 (11585 turns).

spaghetti the Fighter (Octopode Delver)            Turns: 11585, Time: 00:18:53

Health: -19/84     AC:  1    Str: 12    XL:     10   Next: 47%
Magic:  10/10      EV: 16    Int: 17    God:    Gozag
Gold:   393        SH:  0    Dex: 11    Spells: 9/9 levels left

rFire   . . .      SeeInvis .   A - +4 lajatang (speed) {staff}
rCold   . . .      Faith    .   (shield currently unavailable)
rNeg    . . .      Spirit   .   (helmet restricted)
rPois   .          Reflect  .   (no amulet)
rElec   .          Harm     .   (no ring)
rCorr   .          Rampage  .   (no ring)
Will    .....      Rage     1%  (no ring)
Stlth   ++++......              (no ring)
HPRegen 0.24/turn               (no ring)
MPRegen 0.12/turn               (no ring)
                                (no ring)
                                (no ring)

@: hasted, very quick
A: almost no armour, amphibious, 8 rings, camouflage 1, gelatinous body 1,
(nimble swimmer 1), tentacles, berserk 1, clumsy 1, robust 1
a: Renounce Religion, Potion Petition, Call Merchant, Bribe Branch


You were on level 9 of the Dungeon.
You worshipped Gozag.
Gozag was aware of your devotion.
You visited 1 branch of the dungeon, and saw 9 of its levels.

You collected 1321 gold pieces.
You spent 627 gold pieces at shops.
You paid 301 gold pieces to Gozag.


Innate Abilities, Weirdness & Mutations

You cannot wear most types of armour.
You are amphibious.
You can wear up to eight rings at the same time.
Your skin changes colour to match your surroundings (Stealth+).
Your rubbery body absorbs attacks. (AC +1, EV +1)
((You are camouflaged near water. (Stealth+)))
You have tentacles for arms and can constrict up to eight enemies at once.
You tend to lose your temper in combat.
You are clumsy. (Dex -2)
You are robust. (+10% HP)


   Skills:
 + Level 10.8 Fighting
 - Level 2.0 Axes
 + Level 7.2 Staves
 + Level 8.5 Dodging
 - Level 6.6 Stealth


You had 9 spell levels left.
You didn't know any spells.
Your spell library contained the following spells:

 Spells                   Type           Power      Damage    Failure   Level
 Pain                     Necr           0%         1d4       24%         1
 Sandblast                Erth           0%         2d4       24%         1
 Shock                    Conj/Air       0%         1d3       24%         1
 Slow                     Hex            0%         N/A       24%         1
 Ensorcelled Hibernation  Hex/Ice        0%         N/A       34%         2
 Static Discharge         Conj/Air       0%         N/A       34%         2
 Confusing Touch          Hex            0%         N/A       56%         3
 Gell's Gravitas          Tloc           0%         N/A       56%         3
 Spider Form              Tmut/Pois      0%         N/A       56%         3
 Teleport Other           Tloc           0%         N/A       56%         3
 Vampiric Draining        Necr           0%         2d6       56%         3
 Dispel Undead            Necr           0%         3d6       93%         4
 Sticky Flame             Conj/Fire      0%         2d3       93%         4
 Summon Ice Beast         Ice/Summ       0%         N/A       93%         4
 Summon Mana Viper        Hex/Summ       0%         N/A       100%        5
 Dispersal                Tloc           0%         N/A       100%        6
 Monstrous Menagerie      Summ           0%         N/A       100%        7

Inventory:

Hand Weapons
 a - a +1 hand axe {axe}
 A - a +4 lajatang of speed (weapon) {staff}
   (You bought it in a shop on level 4 of the Dungeon)
Missiles
 g - 81 stones (quivered) {throwing}
 j - 90 arrows
 k - 20 bolts
 m - 96 sling bullets
 q - a throwing net {=f!fthrowing}
 r - 7 boomerangs {throwing}
 y - 6 silver javelins {throwing}
 C - 9 poisoned darts {throwing}
Magical Staves
 i - a staff of earth {!astaff}
   (You found it on level 5 of the Dungeon)
Jewellery
 d - a ring of positive energy
   (You found it on level 6 of the Dungeon)
 v - an amulet of magic regeneration {@e2}
   (You found it on level 8 of the Dungeon)
 w - a ring of ice
   (You found it on level 1 of the Dungeon)
Wands
 f - a wand of digging (3)
 h - a wand of polymorph (8)
   (You took it off Ijyb on level 5 of the Dungeon)
Scrolls
 b - 6 scrolls of fog
 c - a scroll of magic mapping {!r}
 l - 2 scrolls of immolation {!r!r}
 o - a scroll of amnesia
 t - 2 scrolls of teleportation {@r4}
 u - 8 scrolls of identify {@r1}
 z - a scroll of vulnerability {!r!r}
Potions
 e - a potion of haste {@q3}
 n - a potion of brilliance
 p - a potion of attraction {unknown}
 s - 2 potions of flight
 x - 3 potions of mutation {!q}
 B - a potion of magic

Dungeon Overview and Level Annotations

Branches:
Dungeon (9/15)             Temple (0/1) D:5             Orc (0/2) D:9
   Lair: D:8-11

Altars:
Cheibriados
Gozag
Makhleb
Nemelex Xobeh
The Shining One

Shops:
D:4 =*(!   D:5 *   D:7 *

Annotations:
D:5 exclusion: door
D:9 3 runed translucent doors

$ ..:#..#..........
(..+.............
...+.......#.>...
.(.+..###..####..
...#.. ##..# .(#..
##.## #### ###..#
##....####
#.@O.....###
#..........###
#............#
#............#
#...........##
#..........##
##.........########
#....####..##.....
##.### #.....##..


You could see a two-headed ogre.


Message History

You slash the gnoll!
The gnoll is no longer distracted by gold.
Your grab misses the gnoll. The gnoll misses you.
You barely miss the gnoll. Your grab misses the gnoll.
The gnoll barely misses you. The gnoll closely misses you.
You slash the gnoll!
You kill the gnoll!
You slash the gnoll!
You kill the gnoll!
No target in view!
No target in view!
No target in view!
No target in view!
No target in view!
No target in view!
No target in view!
No target in view!
No target in view!
No target in view!
No target in view!
No target in view!
No target in view!
No target in view!
No target in view!
No target in view!
No target in view!
No target in view!
No target in view!
Calm down first, please.
Calm down first, please.
You start resting.
You feel a strong urge to attack something.
You feel your anger nearly subside.
You are no longer berserk.
You are exhausted.
You feel yourself slow down.
You feel yourself speed up.
You recover from your berserk rage.
Unknown command. 😕 HP[-17]
You now have 84 max hp (-42).
You now have 616 gold pieces (gained 17).
Items here: ))) [.
You now have 619 gold pieces (gained 3).
You see here a +0 spear {polearm}.
Items here: ))) [.
You now have 624 gold pieces (gained 5).
You see here a +0 whip {mace}. 😎 HP[+3]
Your hp is fully restored (84).
You now have 633 gold pieces (gained 9).
You see here a +0 halberd {polearm}.
You now have 653 gold pieces (gained 20).
A two-headed ogre comes into view.
It is wielding a +0 giant spiked club and a +0 giant club.
The two-headed ogre shouts in stereo!
The two-headed ogre hits you with a +0 giant spiked club!!
The two-headed ogre closely misses you. 😮 HP[-29]
You take 29 damage, and now have 55/84 hp.
MASSIVE DAMAGE!! (PAUSE) Unknown command.
Unknown command.
Okay, then. 😮 HP[+1] 😮 HP[+1]
You see here a +0 whip {mace}.
Items here: ))) [.
You see here a +0 spear {polearm}. 😮 HP[+1]
Okay, then.
Unknown command. 😮 HP[+1] 😮 HP[+1] 😮 HP[+1] 😮 HP[+1]
There is a stone staircase leading up here. 😮 HP[+1]
You slice the two-headed ogre!!
Your squeeze misses the two-headed ogre.
The two-headed ogre hits you with a +0 giant spiked club!!
* * * LOW HITPOINT WARNING * * *
The two-headed ogre hits you with a +0 giant club!!
* * * LOW HITPOINT WARNING * * *
😱 HP[-55]
You take 55 damage, and now have 8/84 hp.
MASSIVE DAMAGE!! (PAUSE)
Okay, then.
Okay, then.
Okay, then.
Okay, then.
You hit the two-headed ogre.
Okay, then. [a] - 224 gold - might and brilliance [b] - 468 gold - resistance and invisibility [c] - 260 gold - haste Purchase which effect?
You no longer have enough gold to petition Gozag for potion effects.
You feel yourself speed up. The two-headed ogre closely misses you.
The two-headed ogre hits you with a +0 giant club!!
You die...
Your body crumbles into a pile of gold.

Skill      XL: |  1  2  3  4  5  6  7  8  9 10 |
---------------+-------------------------------+-----
Fighting       | 4 5 6 7 8 9 10 | 10.8
Dodging        | 3 4 5 7 8 |  8.5
Staves         | 1 4 6 7 |  7.2
Axes           | |  2.0
Stealth        | |  6.6

Action                   |  1- 3 |  4- 6 |  7- 9 | 10-12 || total
-------------------------+-------+-------+-------+-------++-------
Melee: Hand axe          |    32 |   107 |   148 |       ||   287
       Tentacles         |     5 |    17 |    33 |     8 ||    63
       Constrict         |     4 |    28 |    57 |    12 ||   101
       Lajatang          |       |       |   103 |    78 ||   181
Throw: Stone             |       |       |    55 |     1 ||    56
       Throwing net      |       |       |     1 |       ||     1
Invok: Potion Petition   |       |       |       |     1 ||     1
Evoke: Wand              |       |       |    11 |       ||    11
  Use: Scroll            |     3 |     4 |     8 |       ||    15
       Potion            |     3 |     3 |     9 |     1 ||    16
 Stab: Sleeping          |       |     7 |    25 |     1 ||    33
Armor: Skin              |     2 |     4 |    11 |    10 ||    27
Dodge: Dodged            |    29 |    76 |   155 |    44 ||   304

Levels and vault maps discovered:
D:1:      zaba_arrival_water, layout_basic, serial_forest,
          infiniplex_forest_end_3, infiniplex_forest_clump_cross,
          infiniplex_forest_lined_1, infiniplex_forest_pool,
          infiniplex_forest_end_2, infiniplex_forest_clump_medium,
          infiniplex_forest_straight_2, infiniplex_forest_lined_3,
          minmay_crystal_room
D:2:      layout_loops_ring, minmay_bisected
D:3:      layout_basic, ebering_ecumenical_altar_rust
D:4:      layout_rooms, nicolae_tso_besieged_by_evil, serial_shops, shop, shop,
          nicolae_stop_n_shop_1, nicolae_shop_hallway_stairs, uniq_blork_the_orc
D:5:      minmay_spotlight, layout_gridville, mainiacjoe_overflow_paths,
          temple_doors_ab, serial_shops, kennysheep_mini_moat, uniq_ijyb
D:6:      layout_loops_ring, mainiacjoe_overflow_concentric_impassable,
          uniq_edmund
D:7:      layout_loops_ring, lemuel_crystal_altar, old_standard_altar,
          serial_undead, serial_undead_c, serial_undead_d, serial_undead_c,
          serial_undead_b, serial_undead_d, nicolae_shop_overcharged_wands
D:8:      layout_basic, enter_ossuary_2, uniq_erica
D:9:      layout_cave_pods, kennysheep_little_box, due_lair_maze_entry_diamond,
          ebering_ghost_rock_garden, serial_shops, nicolae_take_the_stairs,
          guppyfry_shop_venom, uniq_erolcha

Notes
Turn   | Place    | Note
-------+----------+-------------------------------------------
     0 | D:5      | spaghetti the Octopode Delver began the quest for the Orb.
     0 | D:5      | Reached XP level 1. HP: 16/16 MP: 1/1
     0 | D:5      | magus.rc [v1.9.6]
    57 | D:5      | Found Fuefran's Assorted Antiques.
   186 | D:5      | HP: 4/16 [poisoned by an adder]
   198 | D:5      | Reached XP level 2. HP: 17/22 MP: 2/2
   264 | D:5      | Found an opulent altar of Gozag.
   266 | D:5      | HP: 2/22 [iguana (14)]
   606 | D:5      | Reached skill level 4 in Fighting
   606 | D:5      | HP: 5/22 [orc (5)]
   609 | D:5      | Reached XP level 3. HP: 13/27 MP: 3/3
   622 | D:5      | Reached skill level 5 in Fighting
   622 | D:5      | Reached XP level 4. HP: 21/35 MP: 4/4
   925 | D:4      | Found Tibloxos's General Store.
   943 | D:4      | Reached XP level 5. HP: 41/41 MP: 5/5
  1048 | D:4      | Reached skill level 6 in Fighting
  1049 | D:4      | Found a glowing golden altar of the Shining One.
  1309 | D:5      | Reached XP level 6. HP: 39/47 MP: 6/6
  1619 | D:5      | Found a staircase to the Ecumenical Temple.
  1649 | D:5      | Became a worshipper of Gozag Ym Sagoz the Greedy
  1677 | D:6      | Noticed a sky beast
  1800 | D:6      | Noticed a sky beast
  1831 | D:5      | HP: 10/47 [orc (6)]
  1833 | D:5      | Reached skill level 7 in Fighting
  1837 | D:5      | HP: 8/49 [orc (6)]
  2236 | D:5      | HP: 12/49 [poisoned by a scorpion]
  2236 | D:5      | HP: 2/49 [scorpion (10)]
  2549 | D:5      | Noticed Ijyb
  2559 | D:5      | Killed Ijyb
  2802 | D:4      | Found Ixoymm's Distillery.
  2807 | D:4      | Found Ofefism's Weapon Shoppe.
  2815 | D:4      | Noticed Blork the orc
  2823 | D:4      | Killed Blork the orc
  2824 | D:4      | Reached skill level 3 in Dodging
  2824 | D:4      | Reached XP level 7. HP: 44/54 MP: 7/7
  3063 | D:4      | Found Poheret's Jewellery Shop.
  3708 | D:3      | Found a faded altar of an unknown god.
  4846 | D:2      | You pick up a book of Beasts and begin reading...
  4846 | D:2      | You add the spells Summon Ice Beast, Summon Mana Viper and
                  | Monstrous Menagerie to your library.
  5000 | D:2      | You add the spells Gell's Gravitas, Teleport Other and
                  | Dispersal to your library.
  5214 | D:2      | Reached skill level 4 in Dodging
  5593 | D:1      | You add the spells Shock, Sandblast and Pain to your
                  | library.
  5593 | D:1      | Got Wizardry, Part One
  5931 | D:1      | Gained mutation: You tend to lose your temper in combat.
                  | [potion of mutation]
  5931 | D:1      | Gained mutation: You are clumsy. (Dex -2) [potion of
                  | mutation]
  5931 | D:1      | Gained mutation: You are robust. (+10% HP) [potion of
                  | mutation]
  6420 | D:4      | Bought a +2 lajatang of speed for 627 gold pieces
  6509 | D:6      | Reached skill level 8 in Fighting
  6660 | D:6      | Reached skill level 1 in Staves
  6932 | D:6      | Reached XP level 8. HP: 51/67 MP: 8/8
  7093 | D:6      | Noticed Edmund
  7103 | D:6      | Killed Edmund
  7104 | D:6      | Reached skill level 2 in Staves
  7216 | D:6      | Reached skill level 5 in Dodging
  7426 | D:6      | Found a sparkling altar of Nemelex Xobeh.
  7462 | D:6      | Reached skill level 3 in Staves
  7658 | D:6      | Reached skill level 9 in Fighting
  7895 | D:7      | Reached skill level 4 in Staves
  7897 | D:7      | Reached XP level 9. HP: 70/74 MP: 9/9
  7900 | D:7      | Reached skill level 6 in Dodging
  8269 | D:7      | Found a burning altar of Makhleb.
  8305 | D:7      | Found Ufif's Overcharged Wands.
  8308 | D:7      | Noticed a skeletal warrior
  8309 | D:7      | Noticed a skeletal warrior
  8319 | D:7      | Noticed a skeletal warrior
  8321 | D:7      | Noticed a skeletal warrior
  8343 | D:7      | Found a snail-covered altar of Cheibriados.
  8383 | D:6      | HP: 13/74 [skeletal warrior[a skeletal warrior] (35)]
  8816 | D:7      | Noticed a skeletal warrior
  8820 | D:7      | HP: 17/74 [skeletal warrior[a skeletal warrior] (22)]
  8821 | D:6      | HP: 7/74 [skeletal warrior[a skeletal warrior] (10)]
  8842 | D:6      | Killed a skeletal warrior
  8843 | D:6      | Reached skill level 5 in Staves
  8843 | D:6      | Killed a skeletal warrior
  8844 | D:6      | Reached skill level 10 in Fighting
  8844 | D:6      | Reached skill level 7 in Dodging
  9604 | D:8      | Killed a skeletal warrior
  9605 | D:8      | Reached skill level 6 in Staves
  9605 | D:8      | Reached XP level 10. HP: 84/84 MP: 10/10
 10115 | D:8      | You pick up a book of Touch and begin reading...
 10115 | D:8      | You add the spells Static Discharge, Sticky Flame and
                  | Dispel Undead to your library.
 10191 | D:8      | Reached skill level 8 in Dodging
 10316 | D:8      | You pick up a book of Debilitation and begin reading...
 10316 | D:8      | You add the spells Slow, Vampiric Draining and Confusing
                  | Touch to your library.
 10759 | D:8      | Noticed Erica
 10784 | D:8      | Killed Erica
 10785 | D:8      | Reached skill level 7 in Staves
 11414 | D:9      | Found a runed translucent gate.
 11414 | D:9      | Found a runed translucent gate.
 11414 | D:9      | Found a staircase to the Orcish Mines.
 11414 | D:9      | Found a runed translucent gate.
 11433 | D:9      | You pick up a book of Dreams and begin reading...
 11433 | D:9      | You add the spells Ensorcelled Hibernation and Spider Form
                  | to your library.
 11547 | D:9      | Noticed a two-headed ogre
 11583 | D:9      | HP: 8/84 [two-headed ogre (26)]
 11585 | D:9      | Demolished by a two-headed ogre

Vanquished Creatures
  Erica (D:8)
  3 skeletal warriors
  A steam dragon (D:8)
  Edmund (D:6)
  3 water moccasins
  2 sky beasts (D:6)
  An orc warrior (D:6)
  A black bear (D:8)
  2 centaurs
  A necrophage (D:7)
  A kobold brigand (D:8)
  Blork the orc (D:4)
  2 bullfrogs (D:8)
  A scorpion (D:5)
  A wight (D:7)
  A crimson imp (D:5)
  A centaur zombie (D:7)
  2 hounds
  A jelly (D:6)
  A bullfrog zombie (D:3)
  A gnoll shaman (D:9)
  3 orc priests
  A bullfrog skeleton (D:4)
  A centaur skeleton (D:6)
  6 iguanas
  Ijyb (D:5)
  7 orc wizards
  A mummy (D:7)
  12 gnolls
  6 adders
  2 shadow imps
  A white imp (D:6)
  5 worms
  4 dart slugs
  27 orcs
  6 endoplasms
  3 giant cockroaches
  6 goblins
  7 hobgoblins
  5 jackals
  4 quokkas
  7 ball pythons
  4 bats
  6 frilled lizards
  3 goblin zombies (D:4)
  A hobgoblin zombie (D:4)
  8 kobolds
  3 kobold skeletons (D:4)
  A kobold zombie (D:4)
  3 orc skeletons (D:4)
  An orc zombie (D:4)
  3 rats (D:2)
177 creatures vanquished.

Vanquished Creatures (others)
  47 fungi (D:9)
  59 plants (D:9)
106 creatures vanquished.

Grand Total: 283 creatures vanquished

Table legend:
 A = Non-vault XP
 B = Vault XP
 C = Vault XP percentage of total XP
 D = Non-vault monster count
 E = Vault monster count
 F = Vault count percentage of total count
                 A         B        C        D         E       F
            +---------+---------+-------+---------+---------+-------
      Total |    5333 |    1501 |  22.0 |     152 |      25 |  14.1
            +---------+---------+-------+---------+---------+-------
        D:1 |      38 |       0 |   0.0 |      21 |       0 |   0.0
        D:2 |     106 |       0 |   0.0 |      27 |       0 |   0.0
        D:3 |     146 |       0 |   0.0 |      18 |       0 |   0.0
        D:4 |     115 |     106 |  48.0 |      15 |      13 |  46.4
        D:5 |     316 |     188 |  37.3 |      15 |       7 |  31.8
        D:6 |    2551 |     171 |   6.3 |      24 |       1 |   4.0
        D:7 |     304 |     192 |  38.7 |       4 |       3 |  42.9
        D:8 |    1600 |     844 |  34.5 |      17 |       1 |   5.6
        D:9 |     157 |       0 |   0.0 |      11 |       0 |   0.0
            +---------+---------+-------+---------+---------+-------

Illustrated notes

Table legend:
 A = Kills in this place as a percentage of kills in entire the game.
 B = Kills by you in this place as a percentage of kills by you in the entire game.
 C = Kills by friends in this place as a percentage of kills by friends in the entire game.
 D = Other kills in this place as a percentage of other kills in the entire game.
 E = Experience gained in this place as a percentage of experience gained in the entire game.
 F = Experience gained in this place divided by the number of levels of this place that you have seen.
                   A       B       C       D       E      F
               +-------+-------+-------+-------+-------+----------------------
         Total | 100.0 | 100.0 |   N/A |   N/A | 100.0 | 759.3
       Dungeon | 100.0 | 100.0 |   N/A |   N/A | 100.0 | 759.3
               +-------+-------+-------+-------+-------+----------------------

Table legend: (Time is in decaauts)
 A = Elapsed time spent in this place.
 B = Non-inter-level travel time spent in this place.
 C = Inter-level travel time spent in this place.
 D = Time resting spent in this place.
 E = Time spent auto-exploring this place.
 F = Levels seen in this place.
 G = Mean time per level.
                   A        B        C        D        E       F      G
               +--------+--------+--------+--------+--------+-----+--------+
         Total |  11639 |  11307 |    332 |   3339 |   6023 |   9 | 1293.2 |
       Dungeon |  11639 |  11307 |    332 |   3339 |   6023 |   9 | 1293.2 |
               +--------+--------+--------+--------+--------+-----+--------+

Top non-repeatable levels by time:
     D:5: 2542 daAuts
     D:6: 2080 daAuts
     D:8: 1878 daAuts
     D:2: 1120 daAuts
     D:4: 1096 daAuts
     D:1: 1072 daAuts
     D:3: 881 daAuts
     D:7: 709 daAuts
     D:9: 257 daAuts
